 Dungeon Crawl Stone Soup version 0.16-a0-3159-ge6ac362 (webtiles) character file.

66 LogicNinja the Magician (level 3, -5/26 HPs)
             Began as a Salamander Fire Elementalist on Jan 4, 2015.
             Killed from afar by Terence (8 damage)
             ... with a wand of magic darts
             ... on level 2 of the Dungeon.
             The game lasted 00:04:42 (1936 turns).

LogicNinja the Magician (SaFE)                      Turns: 1936, Time: 00:04:42

Health: -5/26      AC:  4    Str:  7    XL:     3   Next: 96%
Magic:  5/10       EV: 12    Int: 16    God:
Gold:   128        SH:  0    Dex: 14    Spells: 3 memorised, 4 levels left

rFire  . . .     SeeInvis .     a - +1 dagger (elec)
rCold  x . .     Clarity  .     f - +0 robe
rNeg   . . .     SustAb   .     (no shield)
rPois  .         Gourm    .     (no helmet)
rElec  .         Spirit   .     (no cloak)
rCorr  .         Warding  .     (no gloves)
rMut   .         Stasis   .     (no barding)
MR     .....                    (no amulet)
Stlth  ++........               (no ring)
                                g - ring of flight

@: very slow, not resistant to hostile enchantments, unstealthy
A: fiery attack, slowness 2, tough skin 2, cold vulnerability 1
a: Evoke Flight


You were on level 2 of the Dungeon.
You were hungry.

You visited 1 branch of the dungeon, and saw 2 of its levels.

You collected 128 gold pieces.

Inventory:

Hand weapons
 a - a +1 dagger of electrocution (weapon)
Armour
 f - a +0 robe (worn)
Jewellery
 g - a ring of flight (left hand)
Magical devices
 o - a wand of fireball (4)
Scrolls
 d - a scroll of amnesia
 i - a scroll of fear {unknown}
 j - a scroll of identify {unknown}
 n - a scroll of blinking {unknown}
 q - a scroll of enchant armour {unknown}
Potions
 e - a potion of flight {unknown}
 k - a potion of poison {unknown}
 l - a potion of cancellation {unknown}
 p - a potion of curing {unknown}
Books
 b - a book of Flames

   Spells                             Type                      Level
   a - Flame Tongue                   Conjuration/Fire             1
   b - Throw Flame                    Conjuration/Fire             2
   c - Conjure Flame                  Conjuration/Fire             3
   d - Inner Flame                    Hexes/Fire                   3
   e - Sticky Flame                   Conjuration/Fire             4
   f - Fireball                       Conjuration/Fire             5
Comestibles
 c - 2 bread rations
 h - 2 beef jerkies


   Skills:
 - Level 2.0 Dodging
 - Level 2.1 Stealth
 - Level 4.3 Spellcasting
 * Level 1.1 Conjurations
 + Level 4.0 Fire Magic


You had 4 spell levels left.
You knew the following spells:

 Your Spells              Type           Power        Failure   Level  Hunger
a - Flame Tongue          Conj/Fire      ##...        8%          1    None
b - Throw Flame           Conj/Fire      ##....       10%         2    ##.....
d - Conjure Flame         Conj/Fire      ##......     17%         3    ###....


Dungeon Overview and Level Annotations

Branches:
Dungeon (2/15)

Altars:
Sif Muna

Annotations:
D:2 Terence


Innate Abilities, Weirdness & Mutations

Your melee attacks set your foes ablaze.
You cannot wear boots.
You cover ground very slowly.
You have very tough skin (AC +2).
You are vulnerable to cold.


Message History

Terence is severely wounded.
You are feeling hungry.
Terence zaps a wand.
The magic dart hits you!
* * * LOW HITPOINT WARNING * * *
Casting: Flame Tongue
Confirm with . or Enter, or press ? or * to list all spells.
Aiming: Flame Tongue
Press: ? - help, Shift-Dir - straight line, f/p - Terence
Aim: Terence, wielding a mace, wearing a ring mail and carrying a wand of magic darts {zapped: 2} (severely wounded)
The flame tongue hits Terence.
Terence is almost dead.
Terence zaps a wand.
The magic dart hits you!
* * * LOW HITPOINT WARNING * * *
Casting: Flame Tongue
Confirm with . or Enter, or press ? or * to list all spells.
Aiming: Flame Tongue
Press: ? - help, Shift-Dir - straight line, f/p - Terence
Aim: Terence, wielding a mace, wearing a ring mail and carrying a wand of magic darts {zapped: 3} (almost dead)
The flame tongue misses Terence.
Terence zaps a wand.
The magic dart hits you!
You die...

. # #. #.#### #....#
##....### #.......#
#.......# #..@....###.
.. ###@......'. ...
####........##. ..
#........##.# ...
#.##.##.<##.# ...
#.##.##..##.# ...
#.##.....##.######'#
#.##..#.........##.#
#.##..#..##.###.##.#
#........##.###.##.####


You could see Terence.

Vanquished Creatures
  Jessica (D:2)
  3 bats (D:1)
  4 giant cockroaches (D:1)
  8 goblins
  5 hobgoblins
  10 jackals
  A ball python (D:1)
  3 giant newts (D:1)
  5 kobolds
  4 rats (D:1)
44 creatures vanquished.

Notes
Turn   | Place    | Note
--------------------------------------------------------------
     0 | D:1      | LogicNinja, the Salamander Fire Elementalist, began the quest for the Orb.
     0 | D:1      | Reached XP level 1. HP: 14/14 MP: 3/3
   327 | D:1      | Reached XP level 2. HP: 15/20 MP: 0/6
   405 | D:1      | Learned a level 2 spell: Throw Flame
   954 | D:1      | Reached XP level 3. HP: 26/26 MP: 6/9
   959 | D:1      | Learned a level 3 spell: Conjure Flame
  1386 | D:1      | Found a deep blue altar of Sif Muna.
  1617 | D:2      | Noticed Jessica
  1623 | D:2      | Killed Jessica
  1927 | D:2      | Noticed Terence
  1936 | D:2      | Killed from afar by Terence

Action                   || total
-------------------------++-------
Melee: Whip              ||    44
       Dagger            ||    16
 Cast: Flame Tongue      ||    51
       Throw Flame       ||     1
  Use: Scroll            ||     1
       Potion            ||     1
 Stab: Sleeping          ||     1
  Eat: Chunk             ||     3
